 Dungeon Crawl Stone Soup version 0.29.1-4-g47bece8355 (webtiles) character file.

Game seed: 3233010235400555460

9380 MajorAdolf the Fighter (level 11, -19/106 HPs)
             Began as a Naga Wanderer on Dec 11, 2022.
             Was an Initiate of Gozag.
             Demolished by a boulder beetle (25 damage)
             ... on level 11 of the Dungeon.
             The game lasted 00:18:03 (17601 turns).

MajorAdolf the Fighter (Naga Wanderer)             Turns: 17601, Time: 00:18:04

Health: -19/106    AC: 11    Str: 24    XL:     11   Next: 45%
Magic:  3/3        EV: 12    Int: 10    God:    Gozag
Gold:   41         SH:  0    Dex: 14    Spells: 1/10 levels left

rFire   . . .      SeeInvis +   E - +6 quarterstaff of Eternal Harmony {antimagic, rPois rC+ Stlth+}
rCold   + . .      Faith    .   (shield currently unavailable)
rNeg    . . .      Spirit   .   o - +0 ring mail
rPois   +          Reflect  .   r - +0 helmet
rElec   .          Harm     .   c - +0 cloak
rCorr   .          Rampage  .   m - +0 pair of gloves
Will    +....                   (no barding)
Stlth   ++........              (no amulet)
HPRegen 0.27/turn               p - ring of wizardry
MPRegen 0.08/turn               j - +6 ring of strength

@: very slow
A: AC +3, large, see invisible, deformed body, poison resistance, slowness 2,
spit poison 1, naga tail 1
a: Spit Poison, Renounce Religion, Potion Petition, Call Merchant, Bribe Branch


You were on level 11 of the Dungeon.
You worshipped Gozag.
Gozag was noncommittal.
You visited 2 branches of the dungeon, and saw 12 of its levels.

You collected 1547 gold pieces.
You spent 714 gold pieces at shops.
You paid 792 gold pieces to Gozag.

Inventory:

Hand Weapons
 a - a +2 falchion
 b - a +0 sling
 v - a +2 dagger of venom
 E - the +6 quarterstaff of Eternal Harmony (weapon) {antimagic, rPois rC+ Stlth+}
   (You took it off a gnoll on level 5 of the Dungeon)

   It reduces the magical energy of the wielder, and disrupts the spells and
   magical abilities of those it strikes.
   Natural abilities and divine invocations are not affected.
   rC:        It protects you from cold.
   rPois:     It protects you from poison.
   Stlth:     It makes you more stealthy.
Missiles
 M - a throwing net
Armour
 c - a +0 cloak (worn)
 m - a +0 pair of gloves (worn)
 o - a +0 ring mail (worn)
 r - a +0 helmet (worn)
 K - a +0 scale mail
Jewellery
 e - an amulet of faith
 j - a +6 ring of strength (right hand)
 n - a ring of wizardry
 p - a ring of wizardry (left hand)
 u - a ring of ice
 y - a ring of willpower
Wands
 i - a wand of acid (4)
 I - a wand of flame (31)
 O - a wand of mindburst (9)
Scrolls
 g - 6 scrolls of identify
 h - a scroll of fear
 k - a scroll of poison {unknown}
 l - a scroll of amnesia {unknown}
 A - 4 scrolls of magic mapping {unknown}
 B - 2 scrolls of torment {unknown}
 F - a scroll of blinking {unknown}
 G - a scroll of acquirement {unknown}
 J - a scroll of immolation {unknown}
 L - a scroll of vulnerability {unknown}
 P - a scroll of noise {unknown}
 Q - 3 scrolls of enchant weapon {unknown}
 R - a scroll of enchant armour {unknown}
 S - a scroll of brand weapon {unknown}
 T - a scroll of teleportation
Potions
 d - 2 potions of brilliance
 f - a potion of flight
 q - 2 potions of lignification {unknown}
 s - 4 potions of attraction {unknown}
 t - 3 potions of berserk rage {unknown}
 w - 2 potions of degeneration {unknown}
 x - a potion of ambrosia {unknown}
 z - a potion of resistance {unknown}
 C - a potion of invisibility {unknown}
 D - 2 potions of heal wounds {unknown}
 H - a potion of cancellation {unknown}
 N - a potion of haste {unknown}


   Skills:
 + Level 9.5 Fighting
 - Level 3.6 Long Blades
 + Level 7.6 Staves
 - Level 1.7 Ranged Weapons
 + Level 6.9 Armour
 + Level 7.4 Dodging
 + Level 0.0 Spellcasting
 + Level 0.0 Conjurations
 + Level 0.0 Earth Magic
 + Level 4.2 Evocations


You had one spell level left.
You knew the following spells:

 Your Spells              Type           Power      Damage    Failure   Level
a - Stone Arrow           Conj/Erth      0%         3d7       52%         3
b - Petrify               Tmut/Erth      0%         N/A       89%         4
c - Passwall              Tmut/Erth      0%         N/A       32%         2

Your spell library contained the following spells:

 Spells                   Type           Power      Damage    Failure   Level
 Ensorcelled Hibernation  Hex/Ice        0%         N/A       32%         2
 Sublimation of Blood     Necr           0%         N/A       32%         2
 Swiftness                Air            0%         N/A       52%         3
 Borgnjor's Vile Clutch   Necr/Erth      0%         N/A       99%         5
 Irradiate                Conj/Tmut      0%         3d11      99%         5
 Dragon Form              Tmut           0%         N/A       100%        7


Dungeon Overview and Level Annotations

Branches:
Dungeon (11/15)            Temple (1/1) D:5            Lair (0/5) D:8
    Orc: D:9-12

Altars:
Cheibriados
Gozag
Nemelex Xobeh
Qazlal
Vehumet
The Shining One

Shops:
D:10 :*

Annotations:
D:8 Psyche


Innate Abilities, Weirdness & Mutations

Your serpentine skin is tough. (AC +3)
You have supernaturally acute eyesight. (SInv)
Armour fits poorly on your strangely shaped body.
Your system is resistant to poisons. (rPois)
You cover ground very slowly.
You can spit poison.
You have a snake-like lower body.


Message History

You are too injured to fight recklessly!
You are too injured to fight recklessly!
You are too injured to fight recklessly!
You are too injured to fight recklessly!
You sock the boulder beetle!
The boulder beetle is severely wounded.
You hit the boulder beetle.
The boulder beetle is almost dead.
The boulder beetle bites you!
Aiming: Spit Poison (1% risk of failure)
Press: ? - help, Shift-Dir - straight line, f/p - boulder beetle
Aim: a boulder beetle (almost dead, 100% to hit)
The splash of poison hits the boulder beetle.
The boulder beetle is almost dead.
The boulder beetle bites you!
* * * LOW HITPOINT WARNING * * *
You hit the boulder beetle.
The boulder beetle is almost dead.
The boulder beetle leaps!
The boulder beetle leaps!
The boulder beetle curls into a ball and begins rolling!
There is a stone staircase leading up here.
There is an escape hatch in the ceiling here.
Unknown command.
You hit the boulder beetle but do no damage.
The boulder beetle is almost dead.
The boulder beetle hits you!!
* * * LOW HITPOINT WARNING * * *
The boulder beetle stops rolling and uncurls.
Unknown command.
You can't do that yet.
You don't have enough magic to cast this spell.
Unknown command.
Okay, then.
You hit the boulder beetle.
The boulder beetle is almost dead.
You have got your breath back.
The boulder beetle bites you!!
You die...
Your body crumbles into a pile of gold.

###########
#.........#
#.@<......#
+.B!......#
#.........#
#....^....#
#.........#
$
#####+#####


You could see a boulder beetle.

Vanquished Creatures
  Erolcha (D:10)
  Joseph (D:7)
  2 trolls
  A hornet (D:9)
  Sigmund (D:5)
  A shadow (D:8)
  22 yaks
  2 wyverns (D:10)
  2 steam dragons
  2 water moccasins
  A sky beast (D:7)
  An ice beast (D:7)
  2 black bears (D:6)
  2 ogres
  3 centaurs
  2 phantoms
  2 gnoll sergeants
  A bullfrog (D:7)
  4 scorpions
  8 wights (D:7)
  20 killer bees
  8 howler monkeys
  2 hounds
  2 gnoll boudas (D:4)
  An orc priest (D:6)
  5 iguanas
  2 orc wizards
  Robin (D:2)
  20 gnolls
  7 adders
  2 ufetubi (D:5)
  A worm (D:3)
  A dart slug (D:5)
  9 orcs
  11 endoplasms
  6 giant cockroaches
  12 goblins
  6 hobgoblins
  9 jackals
  4 quokkas
  4 ball pythons
  9 bats
  A frilled lizard (D:3)
  6 kobolds
  5 rats
215 creatures vanquished.

Vanquished Creatures (others)
  8 plants (D:4)
8 creatures vanquished.

Grand Total: 223 creatures vanquished

Notes
Turn   | Place    | Note
-------+----------+-------------------------------------------
     0 | D:1      | MajorAdolf the Naga Wanderer began the quest for the Orb.
     0 | D:1      | MajorAdolf set off with the following items: a +2 falchion,
                  | a +0 sling, a +0 cloak, a potion of brilliance, a +0
                  | leather armour.
     0 | D:1      | Reached XP level 1. HP: 19/19 MP: 1/1
   439 | D:1      | Reached XP level 2. HP: 23/27 MP: 2/2
   743 | D:1      | Reached skill level 3 in Fighting
  1328 | D:2      | Found a glowing golden altar of the Shining One.
  1332 | D:2      | Reached XP level 3. HP: 34/34 MP: 3/3
  1376 | D:2      | Noticed Robin
  1974 | D:2      | Killed Robin
  1975 | D:2      | Reached skill level 4 in Fighting
  2066 | D:2      | Reached XP level 4. HP: 41/44 MP: 4/4
  3578 | D:3      | Found a faded altar of an unknown god.
  3605 | D:3      | Reached XP level 5. HP: 51/51 MP: 5/5
  4165 | D:4      | Reached skill level 1 in Armour
  4192 | D:4      | Reached XP level 6. HP: 49/60 MP: 6/6
  4734 | D:4      | Reached skill level 5 in Fighting
  5972 | D:5      | Entered Level 5 of the Dungeon
  6037 | D:5      | Reached XP level 7. HP: 59/67 MP: 7/7
  6205 | D:5      | Identified the +6 quarterstaff of Eternal Harmony
                  | {antimagic, rPois rC+ Stlth+}
  6466 | D:5      | Reached skill level 1 in Staves
  6820 | D:5      | Found a staircase to the Ecumenical Temple.
  6839 | Temple   | Entered the Ecumenical Temple
  7201 | Temple   | Became a worshipper of Gozag Ym Sagoz the Greedy
  7364 | D:5      | Noticed Sigmund
  7370 | D:5      | Killed Sigmund
  7371 | D:5      | Reached skill level 6 in Fighting
  7371 | D:5      | Reached XP level 8. HP: 76/76 MP: 2/8
  8332 | D:6      | Noticed a yak
  8333 | D:6      | Noticed a yak
  8339 | D:7      | Found a radiant altar of Vehumet.
  8357 | D:6      | Noticed a yak
  8359 | D:6      | Noticed a yak
  9035 | D:6      | Killed a yak
  9036 | D:6      | Reached skill level 5 in Dodging
  9036 | D:6      | Reached XP level 9. HP: 60/85 MP: 3/9
  9042 | D:6      | Reached skill level 7 in Fighting
 10286 | D:7      | Reached skill level 5 in Staves
 10548 | D:7      | Reached skill level 5 in Armour
 11052 | D:7      | Noticed Joseph
 11064 | D:7      | Killed Joseph
 11065 | D:7      | Reached skill level 8 in Fighting
 11065 | D:7      | Reached XP level 10. HP: 11/96 MP: 3/10
 12618 | D:8      | Found a staircase to the Lair.
 12628 | D:8      | Noticed Psyche
 13632 | D:10     | Entered Level 10 of the Dungeon
 14396 | D:9      | HP: 3/98 [hornet (7)]
 14841 | D:9      | Reached skill level 9 in Fighting
 15020 | D:9      | Reached XP level 11. HP: 60/106 MP: 3/11
 16034 | D:10     | Noticed Erolcha
 16040 | D:10     | Killed Erolcha
 16966 | D:10     | Found Baihimulit's Book Shoppe.
 17540 | D:10     | Bought the Omnibus of the Mutable Geologist for 714 gold
                  | pieces
 17544 | D:10     | Learned a level 3 spell: Stone Arrow
 17549 | D:10     | Learned a level 4 spell: Petrify
 17552 | D:10     | Learned a level 2 spell: Passwall
 17568 | D:11     | Noticed a boulder beetle
 17601 | D:11     | Demolished by a boulder beetle

Illustrated notes

Levels and vault maps discovered:
D:1:      noname_arrival_rooms_in_the_neighbourhood, layout_basic,
          serial_corexii_hall, chequers_hall_statues_corner_a,
          chequers_hall_statues_y
D:2:      layout_loops_ring, basic_altar, glass_columns_a, uniq_robin
D:3:      layout_loops_corners, shapermc_ecumenical_altar_gd, minmay_cupped
D:4:      cheibrodos_old_hovel, layout_basic, st_stairs_3
D:5:      layout_rooms, minmay_temple_entry_ruins, kennysheep_pointless_box,
          ebering_dispersal_statue_hall, kennysheep_generic_room_5, uniq_sigmund
D:6:      layout_basic
D:7:      layout_basic, nicolae_vehumet_radiance, uniq_joseph
D:8:      layout_loops_ring, lair_entry_dummy, uniq_psyche
D:9:      layout_long_grid
D:10:     layout_loops_cross, minmay_shop_grid_forest, uniq_erolcha
D:11:     layout_roguey
Temple:   nicolae_temple_the_god_donut

Skill      XL: |  1  2  3  4  5  6  7  8  9 10 11 |
---------------+----------------------------------+-----
Fighting       | 3 4 5 6 8 9 |  9.5
Armour         | 1 2 3 4 5 6 |  6.9
Dodging        | 3 4 5 6 7 |  7.4
Long Blades    | 3 |  3.6
Staves         | 2 3 5 7 |  7.6
Evocations     | 3 4 |  4.2
Ranged Weapons | |  1.7

Action                   |  1- 3 |  4- 6 |  7- 9 | 10-12 || total
-------------------------+-------+-------+-------+-------++-------
Melee: Falchion          |    62 |   142 |       |       ||   204
       Dagger            |       |    59 |    26 |       ||    85
       Punch             |       |     1 |       |       ||     1
       Quarterstaff      |       |       |   220 |   315 ||   535
Invok: Call Merchant     |       |       |       |     1 ||     1
 Abil: Spit Poison       |     9 |    13 |     9 |    16 ||    47
Evoke: Wand              |       |       |       |     6 ||     6
  Use: Scroll            |       |     2 |     1 |     3 ||     6
       Potion            |       |       |       |     5 ||     5
 Stab: Sleeping          |       |       |     1 |       ||     1
       Distracted        |       |       |     1 |     3 ||     4
Armor: Leather armour    |    10 |       |       |       ||    10
       Ring mail         |    40 |   119 |   118 |   160 ||   437
Dodge: Dodged            |    51 |   151 |   167 |   233 ||   602
